Map: Orbital Shipyard

Players

MCanning - Winner!

  • Race: Protoss Protoss
  • League: Grandmaster

RubberDuckie

  • Race: Zerg Zerg
  • League: Master

VOD

http://www.twitch.tv/mcanning/v/30690643

Description

Time

  • Played on: Dec. 19, 2015, 2:44 a.m.
  • Length: 8:56
Show
View Real Time Build Order
Export as new Build Order

MCanning Protoss - Winner!

Build Orders: Nexus First 

Get SALT Encoding   

  12  0:01  Probe (Chrono Boost)  
  13  0:11  Probe (Chrono Boost)  
  14  0:22  Probe (Chrono Boost), Pylon  
  15  0:40  Probe (Chrono Boost)  
  16  0:50  Probe (Chrono Boost)  
  17  0:59  Nexus  
  17  1:09  Gateway  
  17  1:14  Probe (Chrono Boost)  
  18  1:24  Probe (Chrono Boost)  
  19  1:27  Assimilator  
  19  1:32  Assimilator  
  19  1:35  Probe (Chrono Boost)  
  20  1:44  Pylon  
  20  1:45  Probe (Chrono Boost)  
  21  1:56  Probe (Chrono Boost)  
  22  2:02  Zealot  
  22  2:04  Cybernetics Core  
  22  2:06  Probe (Chrono Boost)  
  25  2:11  Probe (Chrono Boost)  
  26  2:17  Probe (Chrono Boost)  
  26  2:22  Probe (Chrono Boost)  
  28  2:27  Probe (Chrono Boost)  
  29  2:32  Probe (Chrono Boost)  
  30  2:38  Probe (Chrono Boost)  
  30  2:40  Stalker (Chrono Boost)  
  30  2:41  Probe (Chrono Boost)  
  30  2:42  Warp Gate  
  34  2:50  Mothership Core (Chrono Boost)  
  36  2:53  Probe (Chrono Boost)  
  37  3:04  Probe (Chrono Boost)  
  38  3:09  Sentry (Chrono Boost), Probe (Chrono Boost)  
  41  3:14  Probe (Chrono Boost)  
  41  3:19  Probe (Chrono Boost), Nexus  
  43  3:22  Pylon  
  43  3:24  Probe (Chrono Boost)  
  44  3:27  Pylon  
  44  3:30  Probe (Chrono Boost)  
  44  3:34  Probe  
  45  3:41  Sentry (Chrono Boost), Probe (Chrono Boost)  
  48  3:46  Probe (Chrono Boost)  
  50  3:53  Probe (Chrono Boost), Robotics Facility  
  51  3:56  Probe (Chrono Boost)  
  51  3:59  Assimilator  
  51  4:02  Pylon  
  52  4:03  Probe (Chrono Boost)  
  52  4:04  Assimilator  
  52  4:07  Probe (Chrono Boost)  
  54  4:10  Pylon  
  54  4:14  Probe (Chrono Boost)  
  55  4:18  Probe (Chrono Boost)  
  55  4:20  Forge  
  56  4:24  Probe (Chrono Boost)  
  56  4:28  Probe (Chrono Boost)  
  58  4:31  Gateway  
  58  4:32  Probe (Chrono Boost)  
  58  4:33  Gateway  
  58  4:35  Probe (Chrono Boost)  
  58  4:38  Probe (Chrono Boost)  
  60  4:41  Twilight Council, Observer (Chrono Boost)  
  60  4:42  Probe (Chrono Boost)  
  63  4:45  Robotics Bay  
  63  4:46  Probe (Chrono Boost)  
  63  4:49  Sentry, Probe (Chrono Boost)  
  67  4:53  Probe (Chrono Boost)  
  67  4:56  Protoss Ground Weapons Level 1  
  67  4:57  Probe (Chrono Boost)  
  70  5:00  Probe (Chrono Boost), Gateway  
  70  5:03  Gateway  
  70  5:05  Probe (Chrono Boost)  
  71  5:07  Probe (Chrono Boost), Pylon  
  71  5:10  Probe (Chrono Boost)  
  73  5:18  Pylon  
  73  5:22  Pylon  
  73  5:27  Gateway x2  
  74  5:28  Probe (Chrono Boost)  
  74  5:30  Assimilator  
  74  5:31  Disruptor (Chrono Boost)  
  74  5:34  Blink (Chrono Boost), Assimilator  
  77  5:41  Stalker x3  
  83  5:45  Probe  
  83  5:47  Pylon  
  84  5:51  Photon Cannon  
  84  5:59  Disruptor  
  84  6:00  Stalker x2  
  91  6:13  Probe  
  91  6:15  Stalker x2  
  96  6:20  Gateway  
  96  6:22  Gateway  
  96  6:25  Gateway  
  96  6:26  Gateway  
  96  6:33  Disruptor  
  99  6:41  Stalker  
  99  6:42  Stalker x4  
  109  6:48  Pylon  
  109  6:52  Probe, Pylon  
  109  6:53  Probe  
  111  6:58  Zealot  
  111  6:59  Zealot  
  115  7:04  Warp Prism  
  115  7:06  Stalker x4  
  115  7:07  Stalker  
  125  7:13  Pylon  
  125  7:14  Pylon  
  127  7:20  Stalker  
  127  7:21  Stalker x2  
  133  7:36  Stalker x6  
  145  7:38  Observer  
  145  7:43  Photon Cannon  
  146  7:44  Photon Cannon  
  146  7:47  Photon Cannon  
  146  7:49  Probe  
  147  7:53  Probe  
  147  7:57  Probe  
  149  7:59  Stalker x2  
  149  8:00  Stalker  
  155  8:06  Probe  
  156  8:40  Stalker x3  
  156  8:41  Stalker x2  
  153  8:47  Stalker  
  151  8:50  Stalker x3  
Show
View Real Time Build Order
Export as new Build Order

RubberDuckie Zerg 

Build Orders: Hatch First 

Get SALT Encoding   

  12  0:02  Drone  
  13  0:13  Overlord  
  13  0:19  Drone  
  14  0:25  Extractor  
  14  0:26  Drone  
  15  0:32  Drone  
  16  0:36  Drone  
  17  0:54  Hatchery  
  17  0:56  Drone  
  17  0:59  Drone  
  18  1:13  Spawning Pool  
  18  1:16  Extractor  
  16  1:20  Drone  
  16  1:21  Drone  
  18  1:29  Drone  
  19  1:40  Drone  
  20  1:53  Hatchery  
  19  2:00  Queen  
  21  2:08  Queen  
  23  2:13  Drone  
  23  2:14  Drone  
  25  2:22  Metabolic Boost  
  25  2:28  Overlord  
  25  2:31  Drone  
  25  2:35  Drone  
  27  2:37  Drone  
  27  2:42  Overlord  
  28  2:49  Drone x2  
  28  2:50  Drone  
  31  2:52  Drone  
  31  2:58  Overlord  
  32  3:01  Drone  
  33  3:06  Queen  
  33  3:09  Drone  
  36  3:14  Drone x2  
  36  3:19  Roach Warren  
  37  3:20  Drone  
  37  3:22  Drone  
  37  3:26  Drone x2  
  41  3:29  Drone  
  41  3:30  Drone  
  43  3:36  Extractor  
  43  3:37  Evolution Chamber, Drone  
  43  3:38  Drone  
  43  3:47  Overlord x2  
  43  3:50  Drone x2  
  43  3:51  Drone  
  43  3:54  Drone  
  47  3:57  Extractor  
  47  4:00  Drone x4  
  50  4:06  Drone x3  
  50  4:09  Zerg Missile Weapons Level 1  
  53  4:15  Lair  
  53  4:22  Drone x2  
  53  4:23  Spore Crawler  
  54  4:25  Spore Crawler  
  54  4:26  Spore Crawler  
  54  4:27  Drone  
  54  4:31  Overlord  
  53  4:32  Drone  
  53  4:33  Drone  
  53  4:34  Drone  
  56  4:41  Drone  
  56  4:43  Drone x4  
  61  4:46  Roach  
  61  4:47  Roach  
  61  4:50  Roach  
  67  4:55  Drone x4  
  67  4:58  Drone x2  
  73  5:01  Extractor  
  73  5:03  Spine Crawler  
  73  5:06  Spine Crawler  
  70  5:08  Spine Crawler  
  70  5:11  Spine Crawler  
  68  5:19  Spine Crawler  
  67  5:21  Drone x2, Spine Crawler  
  67  5:22  Drone x2  
  67  5:25  Glial Reconstitution  
  70  5:30  Roach x2  
  74  5:39  Overlord x4  
  74  5:40  Hydralisk Den  
  74  5:42  Drone  
  74  5:48  Overlord x2  
  74  5:49  Overlord  
  74  5:54  Extractor  
  74  5:55  Extractor  
  72  6:10  Lurker Den  
  72  6:11  Zerg Missile Weapons Level 2  
  72  6:13  Roach x3  
  72  6:14  Roach x9  
  72  6:18  Overlord  
  96  6:19  Overseer  
  96  6:28  Drone x2  
  96  6:29  Drone x4  
  102  6:34  Drone x3  
  102  6:37  Overseer  
  105  6:43  Roach  
  105  6:44  Roach x5  
  117  6:51  Roach x2  
  121  6:56  Roach x3  
  121  6:58  Roach  
  129  7:03  Roach x2  
  129  7:05  Roach  
  135  7:08  Overseer  
  135  7:10  Hatchery  
  134  7:37  Roach x2  
  138  7:39  Overlord x4  
  138  7:40  Overlord x4  
  102  7:57  Hydralisk  
  102  7:58  Hydralisk x9  
  102  8:01  Roach x2  
  102  8:03  Roach  
  126  8:06  Roach  
  130  8:13  Roach x3  
  130  8:14  Roach  
  136  8:21  Roach x3  
  142  8:29  Lurker  
  133  8:34  Roach  
  133  8:35  Roach  
Tags
 
Add a new tag
Caveats
  • Supply blocks, unpowered buildings, or Contaminate may cause inaccurate times.
  • Supply counts are checked every 10 seconds.